[Event "Team 45 45 League T65"]
[Site "Internet Chess Club"]
[Date "2015.06.28"]
[Round "4"]
[White "zap2"]
[Black "Tjet"]
[Result "1-0"]
[WhiteElo "1757"]
[BlackElo "1508"]
[Opening "Réti: King's Indian attack"]
[ECO "A07"]
[Time "15:08:55"]
[TimeControl "2700+45"]

1. g3 d5 2. Nf3 g6 3. Bg2 Bg7 4. d3 c6 5. O-O Nf6 6. Nbd2 O-O 7. e4 Bg4 8. h3
Bxf3 9. Qxf3 dxe4 10. dxe4 Nbd7 11. Rd1 Ne5 12. Qe2 Qb6 13. a4 Rfd8 14. a5 Qd4
15. c3 Qd3 16. Qxd3 Nxd3 17. Nb3 Nxc1 18. Raxc1 e5 19. Nc5 b6 20. Nb7 Rxd1+ 21.
Rxd1 Rb8 22. a6 Bf8 23. f3 Be7 24. h4 Kf8 25. Bh3 c5 26. Kf2 h5 27. Ke3 c4 28.
Bf1 b5 29. Bh3 Ke8 30. f4 exf4+ 31. Kxf4 Kf8 32. e5 Ne8 33. Rd7 b4 34. Na5 bxc3
35. bxc3 Bc5 36. Nxc4 Rb1 37. Rd8 Ke7 38. Rc8 Bg1 39. Ne3 Bxe3+ 40. Kxe3 Ra1 41.
Rc6 Ra4 42. Bc8 Ra5 43. Kf4 Ra4+ 44. c4 Ra1 45. Rc5 Rf1+ 46. Kg5 f6+ 47. Kxg6
fxe5 48. Rxe5+ Kd8 49. Bb7 Rf6+ 50. Kxh5 Ng7+ 51. Kg5 Rb6 52. h5 Ne8 53. h6 Nf6
54. Be4 Rxa6 55. h7 Nxe4+ 56. Rxe4 {Black resigns} 1-0

[Event "Team 45 45 League T65"]
[Site "Internet Chess Club"]
[Date "2015.06.27"]
[Round "4"]
[White "houseofcook"]
[Black "BJJ"]
[Result "1-0"]
[WhiteElo "1433"]
[BlackElo "1464"]
[Opening "Scandinavian (center counter) defense"]
[ECO "B01"]
[Time "10:02:59"]
[TimeControl "2700+45"]

1. e4 d5 2. exd5 Qxd5 3. Nc3 Qa5 4. d4 Nf6 5. Bd2 c6 6. Nf3 Bg4 7. Be2 e6 8. h3
Bf5 9. a3 Be7 10. b4 Qc7 11. O-O O-O 12. Nh4 Bxh3 13. gxh3 Ng4 14. Bxg4 Bxh4 15.
Bf3 f5 16. Bg2 Rf6 17. Ne2 g5 18. f4 g4 19. hxg4 fxg4 20. Be1 Bxe1 21. Qxe1 Rh6
22. Qg3 Nd7 23. Kf2 Nf6 24. Rh1 Qg7 25. Rxh6 Qxh6 26. Rh1 Qg6 27. Qd3 g3+ 28.
Nxg3 Ng4+ 29. Kf3 Qxd3+ 30. cxd3 Nf6 31. Ne4 Nd5 32. Bh3 Re8 33. Rg1+ Kf8 34.
Ng5 Nc7 35. Nxh7+ Ke7 36. Rg7+ Kd6 37. Nf6 Rh8 38. Rd7# {Black checkmated} 1-0

[Event "Team 45 45 League T65"]
[Site "Internet Chess Club"]
[Date "2015.06.26"]
[Round "4"]
[White "KidRattler"]
[Black "Gilguli"]
[Result "1-0"]
[WhiteElo "1607"]
[BlackElo "1402"]
[Opening "Sicilian"]
[ECO "B56"]
[Time "08:13:25"]
[TimeControl "2700+45"]

1. e4 c5 2. Nf3 d6 3. d4 cxd4 4. Nxd4 Nf6 5. Nc3 e5 6. Nb3 Be7 7. Bd3 O-O 8. Be3
b6 9. Qd2 Bb7 10. f3 d5 11. exd5 Nxd5 12. Be4 Bb4 13. O-O-O Bxc3 14. bxc3 Qe7
15. Bxd5 Na6 16. Bxb7 Qxb7 17. Qd5 Qe7 18. Qd6 Qh4 19. Qa3 Nc7 20. Qb4 Qf6 21.
Qd6 Qf5 22. Qd3 Qf6 23. Rdf1 Rad8 24. Qe2 a5 25. Rd1 Nd5 26. Bd2 Qd6 27. c4 Qa3+
28. Kb1 a4 29. cxd5 axb3 30. cxb3 Ra8 31. Bc1 Qd6 32. Rhe1 Rfc8 33. Qxe5 Qg6+
34. Qe4 Qxg2 35. Re2 Qh3 36. Qg4 Qxg4 37. fxg4 f6 38. Rde1 Kf7 39. Re7+ Kg6 40.
h4 h5 41. gxh5+ Kxh5 42. Rxg7 Rd8 43. Re6 Rxd5 44. Rxf6 Kxh4 45. Rh6+ Rh5 46.
Bg5+ Kg4 47. Be7+ {Black resigns} 1-0

[Event "Team 45 45 League T65"]
[Site "Internet Chess Club"]
[Date "2015.06.26"]
[Round "4"]
[White "guyd52"]
[Black "Just-Jim"]
[Result "1-0"]
[WhiteElo "1354"]
[BlackElo "1322"]
[Opening "Réti: King's Indian attack (Barcza system)"]
[ECO "A07"]
[Time "19:30:18"]
[TimeControl "2700+45"]

1. Nf3 d5 2. g3 f5 3. Bg2 Nf6 4. d3 e6 5. Bf4 Bc5 6. e3 d4 7. Qe2 Bb4+ 8. Nbd2
dxe3 9. Bxe3 O-O 10. O-O Ng4 11. Bf4 Re8 12. c3 Bd6 13. Bg5 Qd7 14. d4 c5 15.
Nc4 h6 16. Nxd6 Qxd6 17. Bf4 Qe7 18. Ne5 Nxe5 19. Bxe5 cxd4 20. Bxd4 e5 21. Rfe1
Bd7 22. Bxb7 Nc6 23. Bxa8 exd4 24. Qxe7 Nxe7 25. Bf3 dxc3 26. bxc3 Kf8 27. Rad1
Ba4 28. Rd4 Bc2 29. Bd1 Bb1 30. Ba4 Rb8 31. Bb3 Be4 32. Red1 Nc6 33. Rd6 Ke7 34.
Rd7+ Kf6 35. Bd5 Ne5 36. Rxa7 Bxd5 37. Rxd5 Rb1+ 38. Kg2 Rb6 39. Raa5 Re6 40.
Rab5 g6 41. a4 Nc4 42. a5 Nd6 43. Rb6 Ne4 44. Rxe6+ Kxe6 45. Rd3 Nc5 46. Rd1 Ke5
47. Ra1 h5 48. Kf3 Na6 49. Ke3 g5 50. Ra4 Nc5 51. Rc4 Na6 52. Rc8 f4+ 53. gxf4+
gxf4+ 54. Kd3 Kd5 55. Rh8 Nc5+ 56. Kc2 Kc4 57. Rxh5 Nd3 {Black resigns} 1-0

[Event "Team 45 45 League T65"]
[Site "Internet Chess Club"]
[Date "2015.06.24"]
[Round "4"]
[White "tryanything"]
[Black "AVEMARIA"]
[Result "1/2-1/2"]
[WhiteElo "1619"]
[BlackElo "1629"]
[Opening "Caro-Kann: exchange variation"]
[ECO "B13"]
[Time "19:00:38"]
[TimeControl "2700+45"]

1. e4 c6 2. d4 d5 3. exd5 cxd5 4. c3 Nf6 5. Bf4 e6 6. Nf3 Nc6 7. Nbd2 Be7 8. Bd3
Nh5 9. Bg3 Nxg3 10. hxg3 g6 11. Qe2 Qc7 12. O-O-O Bd7 13. Kb1 O-O-O 14. Ne5 Nxe5
15. dxe5 Bc6 16. f4 Qb6 17. Nb3 a5 18. Nd4 a4 19. Bb5 Bc5 20. Nxc6 bxc6 21. Bxa4
Kc7 22. g4 Be7 23. f5 Ra8 24. Bb3 c5 25. c4 d4 26. f6 Bf8 27. Rd3 Qa5 28. Rdh3
h6 29. g5 h5 30. g4 h4 31. Rxh4 Rxh4 32. Rxh4 d3 33. Qd1 Rd8 34. Rh3 Qa8 35.
Rxd3 Qe4 36. Bc2 Rxd3 37. Bxd3 Qxe5 38. Qd2 Qd4 39. a4 Qd6 40. Qa5+ Qb6 41.
Qxb6+ {Game drawn by mutual agreement} 1/2-1/2

[Event "Team 45 45 League T65"]
[Site "Internet Chess Club"]
[Date "2015.06.28"]
[Round "4"]
[White "Chess4Him"]
[Black "lilith"]
[Result "1/2-1/2"]
[WhiteElo "1543"]
[BlackElo "1575"]
[Opening "Queen's pawn, Mason variation"]
[ECO "D00"]
[Time "19:00:25"]
[TimeControl "2700+45"]

1. d4 d5 2. Bf4 Nf6 3. e3 e6 4. Nf3 c5 5. c3 Nc6 6. Nbd2 Nh5 7. Bg5 Nf6 8. Ne5
cxd4 9. exd4 Be7 10. Bf4 O-O 11. Bd3 Nd7 12. h4 Ndxe5 13. dxe5 f5 14. Nf3 Bd7
15. Be2 Qb6 16. Qd2 Bc5 17. Be3 Bxe3 18. fxe3 Qc7 19. O-O-O Nxe5 20. Nxe5 Qxe5
21. Qd4 Qc7 22. Bf3 Bc6 23. Rh3 e5 24. Bxd5+ Bxd5 25. Qxd5+ Kh8 26. Qd6 Qa5 27.
Qd5 Qxd5 28. Rxd5 e4 {Game drawn by mutual agreement} 1/2-1/2

[Event "Team 45 45 League T65"]
[Site "Internet Chess Club"]
[Date "2015.06.29"]
[Round "4"]
[White "ShadowKing"]
[Black "stantheman59"]
[Result "1-0"]
[WhiteElo "1420"]
[BlackElo "1253"]
[Opening "Alekhine's defense: Maróczy variation"]
[ECO "B02"]
[Time "19:08:26"]
[TimeControl "2700+45"]

1. e4 Nf6 2. d3 g6 3. Nf3 d6 4. Be2 Bg7 5. O-O b6 6. Nc3 Bb7 7. Re1 O-O 8. Be3
e6 9. Bg5 Nbd7 10. d4 c5 11. d5 exd5 12. exd5 h6 13. Bf4 Ne8 14. Rb1 Ndf6 15.
Bb5 Nc7 16. Bc6 Bxc6 17. dxc6 Nfe8 18. Qd3 Bxc3 19. Qxc3 Nd5 20. Qd2 Nef6 21.
Bxh6 Re8 22. Bg5 Kg7 23. Rxe8 Qxe8 24. Bxf6+ Nxf6 25. Qxd6 Rd8 26. Qc7 Rc8 27.
Qxa7 Rxc6 28. Re1 Re6 29. Rxe6 Qxe6 30. h3 Qd6 31. Qa4 Qd1+ 32. Kh2 Qd6+ 33. g3
Qd5 34. Kg2 Ne4 35. Qb3 Qc6 36. Qxf7+ Kh8 37. Kg1 Qf6 38. Qe8+ Kg7 39. Qxe4
{Black resigns} 1-0

[Event "Team 45 45 League T65"]
[Site "Internet Chess Club"]
[Date "2015.06.28"]
[Round "4"]
[White "wildangels"]
[Black "Fogbound"]
[Result "0-1"]
[WhiteElo "1066"]
[BlackElo "1311"]
[Opening "Queen's pawn game"]
[ECO "E10"]
[Time "10:00:15"]
[TimeControl "2700+45"]

1. Nf3 Nf6 2. c4 e6 3. d4 d5 4. Bf4 Bd6 5. g3 Bxf4 6. gxf4 c6 7. Nc3 Nbd7 8. b3
Qa5 9. Qc1 Ne4 10. Bh3 Nxc3 11. O-O Nxe2+ 12. Kh1 Nxc1 13. Raxc1 Nf6 14. Rg1
Qxa2 15. Rxg7 Rg8 16. Rxg8+ Nxg8 17. Rg1 Nf6 18. Ng5 Qxf2 19. Rf1 Qxd4 20. Nf3
Qd3 21. Ng5 h6 22. Bg2 hxg5 23. fxg5 Nh5 24. h4 Ng3+ 25. Kh2 Nxf1+ 26. Bxf1 Qxf1
27. Kg3 e5 28. h5 Qf4+ 29. Kg2 Qxg5+ 30. Kf2 Qxh5 31. Ke3 dxc4 32. bxc4 Be6 33.
Kd3 O-O-O+ 34. Kc3 Qh4 35. Kb4 Qxc4+ 36. Ka3 Rd3+ 37. Kb2 Rd2+ 38. Kb1 Qa2+ 39.
Kc1 Qc2# {White checkmated} 0-1

[Event "Team 45 45 League T65"]
[Site "Internet Chess Club"]
[Date "2015.06.26"]
[Round "4"]
[White "santiagoelawad"]
[Black "TerryMalloy"]
[Result "1/2-1/2"]
[WhiteElo "2093"]
[BlackElo "2003"]
[Opening "English: Mikenas-Carls, Flohr variation"]
[ECO "A18"]
[Time "09:19:16"]
[TimeControl "2700+45"]

1. c4 Nf6 2. Nc3 e6 3. e4 d5 4. e5 d4 5. exf6 dxc3 6. bxc3 Qxf6 7. d4 e5 8. Nf3
exd4 9. cxd4 Bb4+ 10. Bd2 Bxd2+ 11. Qxd2 O-O 12. Be2 Nc6 13. h3 Rd8 14. Rd1 Nxd4
15. Nxd4 c5 16. Nb3 Rxd2 17. Rxd2 b6 18. O-O Be6 19. Rfd1 g6 20. Na1 Kg7 21. Nc2
Qg5 22. Ne3 Rb8 23. Bf1 a6 24. a4 Qe5 25. Nd5 Bxd5 26. cxd5 Qd6 27. Bxa6 Re8 28.
Bb5 Re7 29. Bc6 Rc7 30. Bb5 Re7 31. Bc4 Re4 32. Bb5 Re7 {Game drawn by
repetition} 1/2-1/2

[Event "Team 45 45 League T65"]
[Site "Internet Chess Club"]
[Date "2015.06.25"]
[Round "4"]
[White "Gojira"]
[Black "primerpaso"]
[Result "0-1"]
[WhiteElo "1695"]
[BlackElo "1837"]
[Opening "Queen's pawn game"]
[ECO "A46"]
[Time "19:33:21"]
[TimeControl "2700+45"]

1. d4 Nf6 2. Nf3 e6 3. Bf4 d5 4. e3 c5 5. c3 Nc6 6. Nbd2 Be7 7. h3 O-O 8. Bd3 c4
9. Bc2 b5 10. Ne5 Bb7 11. b4 a5 12. a3 axb4 13. axb4 Rxa1 14. Qxa1 Qb6 15. O-O
Ra8 16. Qb2 Qa7 17. Rb1 Qa2 18. Nxc6 Bxc6 19. Bc7 Ra3 20. Ba5 Nd7 21. Qc1 e5 22.
Rb2 Qa1 23. Rb1 Qxc3 24. Rb3 Rxb3 25. Nxb3 g6 26. Nd2 exd4 27. exd4 Qxd4 28. Nf3
Qf6 29. Qd2 Bd6 30. Nd4 Be5 31. Bd8 Qd6 32. Nf3 d4 33. Qh6 Bg7 34. Qh4 Bxf3 35.
Be7 Qe6 36. gxf3 d3 {White resigns} 0-1

[Event "Team 45 45 League T65"]
[Site "Internet Chess Club"]
[Date "2015.06.27"]
[Round "4"]
[White "frank001"]
[Black "CaptK"]
[Result "0-1"]
[WhiteElo "1801"]
[BlackElo "1944"]
[Opening "French: Tarrasch, closed variation"]
[ECO "C05"]
[Time "22:20:47"]
[TimeControl "2700+45"]

1. e4 e6 2. d4 d5 3. Nd2 Nf6 4. Bd3 c5 5. c3 Nc6 6. Ngf3 Qb6 7. O-O cxd4 8. cxd4
Nxd4 9. Nxd4 Qxd4 10. Nf3 Qb6 11. Be3 Qd8 12. Rc1 dxe4 13. Bb5+ Bd7 14. Nd4 Be7
15. Qa4 O-O 16. Rfd1 Rc8 17. Qxa7 Rxc1 18. Rxc1 e5 19. Qxb7 exd4 20. Bxd4 Bxb5
21. Bxf6 Bxf6 22. Qxb5 Qb8 {White resigns} 0-1

[Event "Team 45 45 League T65"]
[Site "Internet Chess Club"]
[Date "2015.06.27"]
[Round "4"]
[White "Chess-Boy"]
[Black "kabindra"]
[Result "0-1"]
[WhiteElo "1602"]
[BlackElo "1714"]
[Opening "Bird's opening"]
[ECO "A02"]
[Time "17:00:35"]
[TimeControl "2700+45"]

1. f4 Nf6 2. Nf3 g6 3. g3 Bg7 4. Bg2 O-O 5. O-O d6 6. d3 c6 7. e4 Qb6+ 8. Kh1
Ng4 9. d4 e5 10. h3 Nf6 11. Nc3 Nh5 12. Ne2 exf4 13. gxf4 Nf6 14. Qd3 Na6 15. a3
d5 16. exd5 cxd5 17. Ng3 Bd7 18. Re1 h5 19. b3 h4 20. Nxh4 Ne4 21. Be3 Nxg3+
{White resigns} 0-1

[Event "Team 45 45 League T65"]
[Site "Internet Chess Club"]
[Date "2015.06.28"]
[Round "4"]
[White "MikeTtheGuru"]
[Black "sharky123"]
[Result "1-0"]
[WhiteElo "1832"]
[BlackElo "1806"]
[Opening "Caro-Kann: advance variation"]
[ECO "B12"]
[Time "22:30:33"]
[TimeControl "2700+45"]

1. e4 c6 2. d4 d5 3. e5 Bf5 4. g4 Be4 5. f3 Bg6 6. Ne2 e6 7. Nf4 Ne7 8. Nc3 Qb6
9. b3 Nd7 10. Qd2 a6 11. Na4 Qc7 12. Ba3 Rc8 13. Bd6 Qd8 14. O-O-O h5 15. Bd3
Bxd3 16. Qxd3 hxg4 17. fxg4 Ng8 18. Nxe6 Qh4 19. Nxf8 Nxf8 20. Nb6 Rd8 21. Bc7
Ne6 22. Bxd8 Kxd8 23. h3 Ne7 24. Rdf1 Rf8 25. Kb2 Kc7 26. Na4 Ng6 27. Qd2 b6 28.
Qb4 b5 29. Qd6+ Kb7 30. Qd7+ Kb8 31. Nc5 Nxc5 32. Qd6+ Kb7 33. Qxc5 Qe7 34.
Qxe7+ Nxe7 35. Rf2 Ng6 36. Rhf1 Nh8 37. h4 Kc7 38. Kc3 a5 39. Kd3 Kd7 40. h5 Ke6
41. g5 Rd8 42. Rg1 Rg8 43. c3 Ke7 44. Rgg2 Ke6 45. c4 b4 46. cxd5+ cxd5 47. Rc2
Ra8 48. Rc6+ Kd7 49. Rd6+ Ke7 50. Rxd5 Ke6 51. Rc5 Kf5 52. Rgc2 Kxg5 53. Rc8
Rxc8 54. Rxc8 Kxh5 55. Rxh8+ Kg4 56. d5 g5 57. d6 Kf3 58. d7 g4 59. d8=Q g3 60.
Qd5+ Kf2 61. Rg8 g2 62. Rxg2+ {Black resigns} 1-0

[Event "Team 45 45 League T65"]
[Site "Internet Chess Club"]
[Date "2015.06.25"]
[Round "4"]
[White "Holzschlange"]
[Black "jjimalo"]
[Result "1/2-1/2"]
[WhiteElo "1824"]
[BlackElo "1916"]
[Opening "Queen's pawn game, Darooha variation "]
[ECO "D11"]
[Time "11:02:43"]
[TimeControl "2700+45"]

1. Nf3 d5 2. d4 Nf6 3. c4 c6 4. Qc2 e6 5. g3 Nbd7 6. Bg2 Bd6 7. O-O O-O 8. Rd1
Ne4 9. Nc3 f5 10. b3 Ndf6 11. Ne5 Qe8 12. f3 Nxc3 13. Qxc3 Bd7 14. a4 Qe7 15.
Bg5 Be8 16. e4 h6 17. Bxf6 Qxf6 18. exd5 exd5 19. cxd5 cxd5 20. f4 Bxe5 21. dxe5
Qb6+ 22. Kh1 Bc6 23. Bxd5+ Bxd5+ 24. Rxd5 Rac8 25. Qd3 Qf2 26. Qd2 Qf3+ 27. Kg1
Qxb3 28. Rd7 Kh8 29. Rd1 Rc2 30. Qd3 Qxa4 31. Qd6 Rg8 32. Rxg7 Kxg7 33. Qf6+ Kh7
34. Qxf5+ Kh8 35. Qf6+ Kh7 36. Qf5+ {Game drawn by mutual agreement} 1/2-1/2

[Event "Team 45 45 League T65"]
[Site "Internet Chess Club"]
[Date "2015.06.26"]
[Round "4"]
[White "tryanything"]
[Black "pishd"]
[Result "0-1"]
[WhiteElo "1610"]
[BlackElo "1793"]
[Opening "French: exchange variation"]
[ECO "C01"]
[Time "05:10:49"]
[TimeControl "2700+45"]

1. e4 e6 2. d4 d5 3. exd5 exd5 4. Nf3 Bd6 5. Bd3 Ne7 6. O-O Nbc6 7. c3 Bg4 8.
Bg5 f6 9. Bh4 Bf4 10. Bg3 Qd6 11. Bxf4 Qxf4 12. Nbd2 h5 13. h3 Bd7 14. Re1 Qh6
15. Nf1 g5 16. c4 O-O-O 17. cxd5 Nxd5 18. Be4 Nf4 19. Qc2 g4 20. hxg4 hxg4 21.
N3h2 Nxd4 22. Qd2 Bb5 {White resigns} 0-1

[Event "Team 45 45 League T65"]
[Site "Internet Chess Club"]
[Date "2015.06.25"]
[Round "4"]
[White "ANGELLR"]
[Black "willhelm"]
[Result "1-0"]
[WhiteElo "1952"]
[BlackElo "1936"]
[Opening "Bogo-Indian defense, Nimzovich variation"]
[ECO "E11"]
[Time "21:32:01"]
[TimeControl "2700+45"]

1. d4 Nf6 2. c4 e6 3. Nf3 Bb4+ 4. Bd2 Qe7 5. Qc2 Bxd2+ 6. Nbxd2 d6 7. e3 O-O 8.
Bd3 c5 9. O-O Nc6 10. a3 h6 11. Rfe1 e5 12. d5 Nb8 13. Rac1 Nh5 14. Bh7+ Kh8 15.
Bf5 Bxf5 16. Qxf5 g6 17. Qg4 Qd7 18. Qxd7 Nxd7 19. Ne4 a6 20. Nxd6 f5 21. Nxb7
Rab8 22. Na5 Rxb2 23. Nc6 e4 24. Nfe5 Nxe5 25. Nxe5 Kg7 26. Nc6 f4 27. Rb1 Ra2
28. Ra1 Rc2 29. Rec1 Rb2 30. Rab1 Ra2 31. Rb7+ Kh8 32. Ne7 Rf6 33. exf4 Nxf4 34.
Rd1 Nd3 35. Rf1 Ne5 36. Rc7 Nxc4 37. Rxc5 Nd2 38. Rd1 Nb3 39. Rc6 Rfxf2 40.
Nxg6+ Kg7 41. Nh4 e3 42. Re6 Rad2 43. Re1 Rxd5 44. R6xe3 Rb2 45. Re7+ Kf6 46.
R1e6+ Kg5 47. Nf3+ Kh5 48. h3 Rd1+ 49. Kh2 Nd4 50. Nxd4 Rxd4 51. Rxa6 Rd5 52.
Ree6 {Black resigns} 1-0

[Event "Team 45 45 League T65"]
[Site "Internet Chess Club"]
[Date "2015.06.25"]
[Round "4"]
[White "keshavp"]
[Black "VictorRed"]
[Result "1/2-1/2"]
[WhiteElo "1775"]
[BlackElo "1823"]
[Opening "Bird's opening"]
[ECO "A03"]
[Time "20:00:41"]
[TimeControl "2700+45"]

1. f4 d5 2. Nf3 Bg4 3. e3 Nc6 4. Be2 Nf6 5. d3 e6 6. O-O Bc5 7. Qe1 O-O 8. Kh1
Re8 9. Ne5 Bxe2 10. Qxe2 Nxe5 11. fxe5 Nd7 12. d4 Bb6 13. Qh5 Qe7 14. Nd2 c5 15.
c3 Rf8 16. Rf3 f5 17. Rh3 g6 18. Qh6 Rf7 19. Nf3 Raf8 20. Ng5 Rg7 21. Bd2 Bd8
22. Rg3 b6 23. Rf1 Qe8 24. Rf4 Bxg5 25. Rxg5 Rff7 26. Rf3 Nf8 27. Rh3 Qa4 28.
Qh4 Qxa2 29. Bc1 Qb1 30. Qe1 f4 31. exf4 Rxf4 32. Rgg3 Rgf7 33. Rf3 cxd4 34.
Rxf4 Rxf4 35. cxd4 Rxd4 36. Rc3 Rc4 37. h3 Rxc3 38. Qxc3 Qf5 39. Bh6 Qf7 40. Qc8
Qe7 41. Bxf8 Qxf8 42. Qxe6+ Qf7 43. Qc8+ Kg7 44. e6 Qe7 45. Qc3+ Kg8 46. Qc8+
Kg7 47. Qc3+ Kg8 48. Qc8+ Kg7 49. Qc3+ Kg8 {Game drawn by repetition} 1/2-1/2

[Event "Team 45 45 League T65"]
[Site "Internet Chess Club"]
[Date "2015.06.28"]
[Round "4"]
[White "isolani"]
[Black "fkramer"]
[Result "0-1"]
[WhiteElo "1517"]
[BlackElo "1820"]
[Opening "Réti opening"]
[ECO "A04"]
[Time "08:01:57"]
[TimeControl "2700+45"]

1. Nf3 e6 2. g3 f5 3. Bg2 Nf6 4. d3 d5 5. O-O Bd6 6. Nbd2 O-O 7. Re1 e5 8. e4
fxe4 9. dxe4 d4 10. Nc4 Nc6 11. Nxd6 Qxd6 12. Qe2 Bg4 13. Bd2 Rad8 14. Qd3 Bxf3
15. Bxf3 Kh8 16. Rad1 Qe6 17. Qb3 Qd7 18. Bg5 h6 19. Bxf6 Rxf6 20. Bg2 Rdf8 21.
Rf1 b6 22. a3 Na5 23. Qd5 Qe7 24. Qa2 c5 25. c3 Nc6 26. Qb1 Qf7 27. Qc2 Qe6 28.
Qd2 Qb3 29. cxd4 Nxd4 30. Rde1 Qb5 31. f4 exf4 32. Rxf4 Rxf4 33. gxf4 Qb3 34.
Re3 Qf7 35. f5 Rd8 36. Rd3 Qa2 37. Kf2 Rf8 38. Rxd4 cxd4 39. Qxd4 Qb3 40. Bf3
Qc2+ 41. Kg3 Qc7+ 42. Kg2 Qe7 43. Kh3 Rd8 44. Qe3 Qe5 45. Bh5 Qxb2 46. Qf4 Qxa3+
47. Kg4 Qd6 48. Qxd6 Rxd6 49. Kf4 Rd2 50. e5 Kg8 51. e6 Kf8 52. h3 Ke7 53. Ke3
Rh2 54. Bg4 h5 {White resigns} 0-1

[Event "Team 45 45 League T65"]
[Site "Internet Chess Club"]
[Date "2015.06.27"]
[Round "4"]
[White "OzymandiasVII"]
[Black "BrianWood"]
[Result "1-0"]
[WhiteElo "1720"]
[BlackElo "1499"]
[Opening "Queen's pawn game, Darooha variation "]
[ECO "D02"]
[Time "22:31:52"]
[TimeControl "2700+45"]

1. d4 d5 2. Nf3 Nf6 3. c3 g6 4. Bg5 Bg7 5. Bxf6 Bxf6 6. h4 Nd7 7. h5 c6 8. hxg6
fxg6 9. Nbd2 e5 10. e4 exd4 11. Nxd4 Ne5 12. Qb3 {Black resigns} 1-0

[Event "Team 45 45 League T65"]
[Site "Internet Chess Club"]
[Date "2015.06.28"]
[Round "4"]
[White "chess09"]
[Black "LooneyBinJim"]
[Result "0-1"]
[WhiteElo "1842"]
[BlackElo "1884"]
[Opening "QGD semi-Slav: Meran, Reynolds' variation"]
[ECO "D48"]
[Time "16:00:25"]
[TimeControl "2700+45"]

1. d4 d5 2. c4 c6 3. Nf3 Nf6 4. Nc3 e6 5. e3 Nbd7 6. Bd3 dxc4 7. Bxc4 b5 8. Bd3
a6 9. e4 c5 10. d5 e5 11. O-O Bd6 12. b3 O-O 13. Bb2 Qc7 14. Rc1 c4 15. bxc4 b4
16. Na4 Re8 17. c5 Nxc5 18. Nxc5 Bxc5 19. Bxe5 Qb6 20. Bxf6 gxf6 21. Qc2 Bd6 22.
Qb2 Bb7 23. Kh1 Bf4 24. Rc2 Rac8 25. Qd4 Qxd4 26. Nxd4 Rxc2 27. Bxc2 Rc8 28. Bb3
Rc3 29. g3 Bb8 30. Kg2 a5 31. Ne2 Rd3 32. Rd1 Rxd1 33. Bxd1 Ba6 34. Nd4 Bc4 35.
Bb3 Bxb3 36. axb3 Ba7 37. Nc6 a4 38. d6 axb3 39. Nxa7 Kf8 40. d7 Ke7 41. Nc8+
Kxd7 42. Nb6+ Kc6 43. Na4 Kb5 44. Nb2 Kc5 45. Kf3 Kd4 46. Ke2 Kc3 47. Nd1+ Kc2
48. f4 b2 49. Nxb2 Kxb2 50. g4 Kc2 51. g5 fxg5 52. fxg5 b3 53. h4 b2 54. Kf3
b1=Q 55. Kg4 Qd1+ 56. Kf5 Qh5 {White resigns} 0-1

[Event "Team 45 45 League T65"]
[Site "Internet Chess Club"]
[Date "2015.06.26"]
[Round "4"]
[White "timothysmall56"]
[Black "freakypawn"]
[Result "0-1"]
[WhiteElo "1772"]
[BlackElo "1755"]
[Opening "French: Winawer (Nimzovich) variation"]
[ECO "C15"]
[Time "19:59:56"]
[TimeControl "2700+45"]

1. e4 e6 2. d4 d5 3. Nc3 Bb4 4. exd5 exd5 5. a3 Be7 6. Nf3 Bg4 7. Be2 Nf6 8. h3
Bf5 9. O-O O-O 10. Bf4 Nc6 11. Nb5 Rc8 12. c4 a6 13. Nc3 h6 14. c5 Ne4 15. Qb3
Nxc3 16. bxc3 Rb8 17. Rfe1 Na5 18. Qa4 Nc6 19. c4 Be6 20. Rad1 Bf6 21. Ne5 Nxe5
22. dxe5 Be7 23. c6 b5 24. Qxa6 bxc4 25. Bxc4 Ra8 26. Qb5 Bxa3 27. Bxd5 Rb8 28.
Qd3 Bb4 29. Re2 Qe7 30. Bxe6 Qxe6 31. Qc2 Rb6 32. Rc1 Ra8 33. Qc4 Qxc4 34. Rxc4
g5 35. Be3 Rb5 36. Rb2 Rab8 37. Kh2 Ba5 38. Rxb5 Rxb5 39. Rc5 Rxc5 40. Bxc5 Kg7
41. Kg3 Kg6 42. Be7 Kf5 43. Bf6 Bc3 44. Kf3 Bxe5 45. g4+ Kxf6 46. Ke4 Ke6 {White
resigns} 0-1

[Event "Team 45 45 League T65"]
[Site "Internet Chess Club"]
[Date "2015.07.02"]
[Round "4"]
[White "Zugzwanged"]
[Black "QuieroAprender"]
[Result "0-1"]
[WhiteElo "1594"]
[BlackElo "1626"]
[Opening "Scotch: Potter variation"]
[ECO "C45"]
[Time "10:02:00"]
[TimeControl "2700+45"]

1. e4 e5 2. Nf3 Nc6 3. d4 exd4 4. Nxd4 Bc5 5. Nb3 Bb6 6. Nc3 d6 7. Qe2 Be6 8.
Be3 Ne5 9. O-O-O Bc4 10. Qd2 Bxf1 11. Rdxf1 Nc4 12. Qe2 Nxe3 13. fxe3 f6 14.
Qh5+ g6 15. Qf3 c6 16. Rd1 Qe7 17. Qh3 Qd7 18. Qf3 O-O-O 19. Rd3 Qe7 20. Rhd1
Qe6 21. Kb1 Ne7 22. Nd4 Qe5 23. Qf4 Bxd4 24. Rxd4 Qxf4 25. exf4 Kc7 26. Rc4 Rhe8
27. Nb5+ Kb8 28. Nxd6 Nc8 29. Rcd4 Nxd6 30. Rxd6 Rxd6 31. Rxd6 Rxe4 32. Kc1 Rxf4
33. Kd1 Rf2 34. Rd7 h5 35. Rf7 f5 36. g4 hxg4 37. Rg7 Rxh2 38. Rxg6 Rf2 39. Rg7
f4 40. Rxg4 f3 41. Rf4 Kc7 42. b3 Kd6 43. Rf7 a5 44. Rxb7 Rf1+ 45. Kd2 Rf2+ 46.
Kc1 Ke6 47. Rc7 Rg2 48. Rxc6+ Ke5 49. Rc8 f2 50. Re8+ Kd4 51. Rd8+ Kc5 52. Rc8+
Kb6 53. Rb8+ Ka7 54. Rf8 Rg1+ 55. Kb2 f1=Q 56. Rxf1 Rxf1 57. Ka3 Kb6 58. Ka4 Rf2
59. a3 Rxc2 60. b4 axb4 61. Kxb4 Rh2 {White resigns} 0-1